 Dungeon Crawl Stone Soup version 0.30-a0-622-gddc90eaa04 (webtiles) character file.

Game seed: 9199161909520267252

116 Vylera the Magician (level 5, -3/35 HPs)
             Began as a Djinni Air Elementalist on Jan 11, 2023.
             Was a Believer of Lugonu.
             Killed by nerve-wracking pain
             ... invoked by an orc priest
              (11 damage)
             ... on level 3 of the Dungeon.
             The game lasted 00:06:19 (1685 turns).

Vylera the Magician (Djinni Air Elementalist)       Turns: 1685, Time: 00:06:19

Health: -3/35      AC:  3    Str:  7    XL:     5   Next: 21%
Gold:   102        EV: 12    Int: 19    God:    Lugonu [**....] SH:  0 Dex: 13

rFire   + + .      SeeInvis .    m - +0 falchion
rCold   x . .      Faith    .    (no shield)
rNeg    . . .      Spirit   .    a - +0 robe
rPois   ∞          Reflect  .    i - +0 helmet
rElec   .          Harm     .    (no cloak)
rCorr   .          Rampage  .    (no gloves)
Will    .....                    (boots unavailable)
Stlth   ++                       (no amulet)
HPRegen 0.25/turn                q - ring of wizardry
MPRegen 0.00/turn                (no ring)

@: flying
A: sickness immunity, fire resistance 2, cold vulnerability 1, float, innate
caster, HP casting, extra vitality 1
a: Renounce Religion, Depart the Abyss, Banish


You were on level 3 of the Dungeon.
You worshipped Lugonu.
Lugonu was pleased with you.
You visited 1 branch of the dungeon, and saw 3 of its levels.

You collected 102 gold pieces.

Inventory:

Hand Weapons
 l - a +0 sling
 m - a +0 falchion (weapon)
Missiles
 h - 2 atropa-tipped darts
Armour
 a - a +0 robe (worn)
 i - a +0 helmet (worn)
Jewellery
 q - a ring of wizardry (left hand)
Scrolls
 e - 3 scrolls of identify {unknown}
 f - a scroll of magic mapping {unknown}
 g - a scroll of noise {unknown}
 j - a scroll of enchant weapon {unknown}
 k - 2 scrolls of vulnerability {unknown}
 n - a scroll of brand weapon {unknown}
 o - a scroll of teleportation {unknown}
 r - a scroll of blinking {unknown}
Potions
 b - a potion of magic
 c - 3 potions of flight {unknown}
 d - 2 potions of brilliance {unknown}
 p - a potion of invisibility {unknown}


   Skills:
 - Level 2.1 Dodging
 - Level 1.5 Stealth
 + Level 4.3 Spellcasting


You couldn't memorise any spells.
You knew the following spells:

 Your Spells              Type           Power      Damage    Failure   Level
a - Shock                 Conj/Air       80%        1d8       1%          1
b - Static Discharge      Conj/Air       40%        2-4/arc   1%          2
c - Swiftness             Air            20%        N/A       2%          3
d - Airstrike             Air            10%        2d(2-18)  9%          4
e - Sandblast             Erth           40%        2d10      1%          1
f - Momentum Strike       Conj/Tloc      40%        3d9       1%          2
Your spell library was empty.

Dungeon Overview and Level Annotations

Branches:
Dungeon (3/15)

Altars:
Lugonu


Innate Abilities, Weirdness & Mutations

You are immune to sickness and miasma.
You are immune to poison.
Your flesh is very heat resistant. (rF++)
You are vulnerable to cold. (rC-)
You float through the air rather than walking.
You learn spells naturally, not from books.
Your magical power is your life essence.
You have superior vitality. (+4 MHP)


Message History

You have reached level 5!
The power to cast Momentum Strike wells up from within.
Spell assigned to 'f'.
Casting: Sandblast (safe; 1% risk of failure)
Confirm with . or Enter, or press ? or * to list all spells.
Aiming: Sandblast (safe; 1% risk of failure)
Press: ? - help, Shift-Dir - straight line, f - orc priest
Aim: an orc priest, wielding a +0 club and wearing a +0 scale mail (85% to hit)
The blast of sand hits the orc priest but does no damage.
Okay, then.
Casting: Sandblast (safe; 1% risk of failure)
Confirm with . or Enter, or press ? or * to list all spells.
Aiming: Sandblast (safe; 1% risk of failure)
Press: ? - help, Shift-Dir - straight line, f/p - orc priest
Aim: an orc priest, wielding a +0 club and wearing a +0 scale mail (85% to hit)
The blast of sand hits the orc priest but does no damage.
The orc priest barely misses you. The orc closely misses you.
Casting: Sandblast (safe; 1% risk of failure)
Confirm with . or Enter, or press ? or * to list all spells.
Aiming: Sandblast (safe; 1% risk of failure)
Press: ? - help, Shift-Dir - straight line, f/p - orc priest
Aim: an orc priest, wielding a +0 club and wearing a +0 scale mail (85% to hit)
The blast of sand hits the orc!
You kill the orc!
Lugonu accepts your kill.
The orc priest mumbles some strange prayers to Beogh against you.
Beogh smites you!
* * * LOW HITPOINT WARNING * * *
Unknown command.
Casting: Sandblast (safe; 1% risk of failure)
Confirm with . or Enter, or press ? or * to list all spells.
Aiming: Sandblast (safe; 1% risk of failure)
Press: ? - help, Shift-Dir - straight line, f/p - orc priest
Aim: an orc priest, wielding a +0 club and wearing a +0 scale mail (85% to hit)
The blast of sand hits the orc priest!
The orc priest is almost dead.
* * * LOW HITPOINT WARNING * * *
The orc priest invokes the aid of Beogh against you.
Pain shoots through your body!
You die...

#..........#
#..........#
#..........#
#..........#
#..........#
##..........#
#...........#
...##..####.######
#...)o)@.#......#
##...$##......#.#
#.... #####.##
..).... ...
#.###.. .### # ###
#


You could see an orc priest.

Vanquished Creatures
  An orc wizard (D:3)
  4 adders
  2 worms
  4 orcs
  2 endoplasms
  2 giant cockroaches
  4 goblins
  4 hobgoblins
  6 kobolds
  A quokka (D:1)
  2 ball pythons (D:1)
  6 bats
  2 frilled lizards
  5 rats (D:1)
45 creatures vanquished.

Notes
Turn   | Place    | Note
-------+----------+-------------------------------------------
     0 | D:1      | Vylera the Djinni Air Elementalist began the quest for the
                  | Orb.
     0 | D:1      | Vylera set off with the following spells memorised: Shock,
                  | Static Discharge, Swiftness, Airstrike.
     0 | D:1      | Reached XP level 1. HP: 15/15 MP: 0/0
    84 | D:1      | Reached XP level 2. HP: 18/21 MP: 0/0
   209 | D:1      | Found a faded altar of an unknown god.
   224 | D:1      | Prayed at the altar of an unknown god.
   224 | D:1      | Became a worshipper of Lugonu the Unformed
   224 | D:1      | Reached * piety under Lugonu
   275 | D:1      | Reached skill level 3 in Spellcasting
   621 | D:2      | Reached XP level 3. HP: 10/25 MP: 0/0
   621 | D:2      | Learned a level 1 spell: Sandblast
   931 | D:2      | Reached XP level 4. HP: 29/31 MP: 0/0
  1060 | D:2      | Reached ** piety under Lugonu
  1592 | D:3      | Reached skill level 4 in Spellcasting
  1681 | D:3      | Reached XP level 5. HP: 19/35 MP: 0/0
  1681 | D:3      | Learned a level 2 spell: Momentum Strike
  1685 | D:3      | Killed from afar by an orc priest

Illustrated notes

Levels and vault maps discovered:
D:1:      minmay_arrival_stone_box, layout_basic,
          shapermc_ecumenical_altar_petra, chequers_serial_rivers_micro_c
D:2:      layout_loops_ring, kennysheep_generic_room_16
D:3:      layout_basic, nicolae_overflow_hidden_temple, serial_shops,
          shop_statue

Skill      XL: |  1  2  3  4 |
---------------+-------------+-----
Spellcasting   | 3 4 |  4.3
Dodging        | |  2.1
Stealth        | |  1.5

Action                   |  1- 3 |  4- 6 || total
-------------------------+-------+-------++-------
 Cast: Shock             |    56 |    23 ||    79
       Sandblast         |     4 |    17 ||    21
       Static Discharge  |     2 |     1 ||     3
Armor: Robe              |     3 |     4 ||     7
Dodge: Dodged            |    10 |     2 ||    12

Table legend: (Time is in decaauts)
 A = Elapsed time spent in this place.
 B = Non-inter-level travel time spent in this place.
 C = Inter-level travel time spent in this place.
 D = Time resting spent in this place.
 E = Time spent auto-exploring this place.
 F = Levels seen in this place.
 G = Mean time per level.
                   A        B        C        D        E       F      G
               +--------+--------+--------+--------+--------+-----+--------+
         Total |   1693 |   1612 |     81 |      0 |   1375 |   3 |  564.3 |
       Dungeon |   1693 |   1612 |     81 |      0 |   1375 |   3 |  564.3 |
               +--------+--------+--------+--------+--------+-----+--------+

Top non-repeatable levels by time:
     D:2: 931 daAuts
     D:1: 599 daAuts
     D:3: 162 daAuts
